 Dungeon Crawl Stone Soup version 0.28.0-45-g0d030f2227 (webtiles) character file.

Game seed: 3243353878619710124

60 protoss039 the Digger (level 3, 13/27 HPs)
             Began as a Demonspawn Earth Elementalist on May 28, 2022.
             Got out of the dungeon alive.
             The game lasted 00:02:33 (1449 turns).

protoss039 the Digger (DsEE)                        Turns: 1449, Time: 00:02:33

Health: 13/27      AC:  2    Str:  8    XL:     3   Next: 80%
Magic:  6/6        EV: 12    Int: 18    God:
Gold:   53         SH:  0    Dex: 13    Spells: 0/6 levels left

rFire   . . .      SeeInvis .   f - +4 spear
rCold   . . .      Faith    .   (no shield)
rNeg    . . .      Spirit   .   b - +0 robe
rPois   .          Reflect  .   (helmet restricted)
rElec   .          Harm     .   (no cloak)
rCorr   .          Rampage  .   (no gloves)
Will    .....                   (no boots)
Stlth   ++........              (no amulet)
HPRegen 0.09/turn               (no ring)
MPRegen 0.10/turn               (no ring)

@: no status effects
A: antennae 1, demonic magic 1
a: no special abilities


You escaped.
You visited 1 branch of the dungeon, and saw 2 of its levels.

You collected 53 gold pieces.

Inventory:

Hand Weapons
 f - a +4 spear (weapon)
Missiles
 c - 64 stones
Armour
 b - a +0 robe (worn)
Scrolls
 a - a scroll of fear {unknown}
 d - 3 scrolls of identify {unknown}
 e - a scroll of noise {unknown}
 g - a scroll of silence {unknown}
Potions
 h - a potion of curing {unknown}


   Skills:
 * Level 2.0 Fighting
 + Level 1.1 Armour
 - Level 1.7 Dodging
 - Level 1.7 Stealth
 + Level 2.4 Spellcasting
 * Level 0.5 Conjurations
 - Level 1.0 Transmutations
 + Level 3.0 Earth Magic


You couldn't memorise any spells.
You knew the following spells:

 Your Spells              Type           Power      Damage    Failure   Level
a - Sandblast             Erth           26%        2d8       4%          1
b - Passwall              Tmut/Erth      7%         N/A       12%         2
c - Stone Arrow           Conj/Erth      16%        3d8       26%         3

Your spell library contained the following spells:

 Spells                   Type           Power      Damage    Failure   Level
 Petrify                  Tmut/Erth      9%         N/A       58%         4


Dungeon Overview and Level Annotations

Branches:
Dungeon (2/15)

Altars:


Innate Abilities, Weirdness & Mutations

You have a pair of small antennae on your head.
Spells you cast may paralyse adjacent enemies.


Message History

Reach: f) +4 spear
Press: ? - help, Dir - move target, f/p - Robin
Aim: Robin, wielding a +0 spear, wearing a +0 animal skin and wearing a +0 helmet (almost dead, about 29% to evade your +4 spear)
You reach to attack!
You closely miss Robin.
Robin is almost dead.
Robin closely misses you.
Unknown command.
Reach: f) +4 spear
Press: ? - help, Dir - move target, f/p - Robin
Aim: Robin, wielding a +0 spear, wearing a +0 animal skin and wearing a +0 helmet (almost dead, about 29% to evade your +4 spear)
You reach to attack!
You hit Robin but do no damage.
Robin is almost dead.
Robin closely misses you.
Unknown command.
Reach: f) +4 spear
Press: ? - help, Dir - move target, f/p - Robin
Aim: Robin, wielding a +0 spear, wearing a +0 animal skin and wearing a +0 helmet (almost dead, about 29% to evade your +4 spear)
You reach to attack!
You hit Robin.
You kill Robin!
Your Fighting skill increases to level 2!
Unknown command.
Reach: f) +4 spear
Press: ? - help, Dir - move target, f - you That would be overly suicidal.
Okay, then.
Unknown command.
Items here: )) ††.
There is a stone staircase leading down here.
Things that are here:
a +0 spear; a +0 animal skin; a +0 helmet
Okay, then.
Unknown command.
There is a stone staircase leading up here.
You climb upwards.
There is a stone staircase leading down here.
Magic restored.
There is a large open door here.
There is a staircase leading out of the dungeon here.
Are you sure you want to leave the Dungeon?
This will make you lose the game!
You have escaped!

#P.≈≈≈≈PP#########
#.≈≈≈≈≈P≈#
##.≈≈≈≈P≈#
##.≈≈≈≈P#
#P.≈≈≈≈≈#
#.≈≈≈≈≈P#
#P.≈≈≈≈≈#
###..≈≈≈≈#
#@.P≈≈≈≈≈#
##########


There were no monsters in sight!

Vanquished Creatures
  Jessica (D:2)
  Robin (D:2)
  An endoplasm (D:2)
  3 giant cockroaches (D:1)
  6 goblins
  3 hobgoblins
  2 ball pythons
  2 bats
  2 kobolds (D:1)
  A rat (D:2)
22 creatures vanquished.

Notes
Turn   | Place    | Note
-------+----------+-------------------------------------------
     0 | D:1      | protoss039 the Demonspawn Earth Elementalist began the
                  | quest for the Orb.
     0 | D:1      | Reached XP level 1. HP: 13/13 MP: 3/3
   167 | D:1      | Found a faded altar of an unknown god.
   178 | D:1      | Reached skill level 1 in Transmutations
   634 | D:1      | Gained mutation: Spells you cast may paralyse adjacent
                  | enemies. [demonic ancestry]
   634 | D:1      | Reached XP level 2. HP: 20/20 MP: 5/5
   690 | D:1      | Reached skill level 1 in Fighting
   931 | D:1      | Learned a level 2 spell: Passwall
  1008 | D:2      | Noticed Jessica
  1013 | D:2      | Killed Jessica
  1014 | D:2      | Reached skill level 1 in Armour
  1014 | D:2      | Reached skill level 3 in Earth Magic
  1014 | D:2      | Gained mutation: You have a pair of small antennae on your
                  | head. [demonic ancestry]
  1014 | D:2      | Reached XP level 3. HP: 13/27 MP: 3/6
  1249 | D:2      | Learned a level 3 spell: Stone Arrow
  1315 | D:2      | Noticed Robin
  1353 | D:2      | Killed Robin
  1449 | D:$      | Got out of the dungeon alive.

Illustrated notes

Levels and vault maps discovered:
D:1:      lightli_arrival_windingriver, layout_basic, basic_ecumenical_altar,
          minivault_25
D:2:      layout_basic, basic_altar, serial_shops, nicolae_shop_behind_doors,
          minmay_tetromino_i2, uniq_jessica, uniq_robin

Skill      XL: |  1  2  3 |
---------------+----------+-----
Transmutations | 1 |  1.0
Fighting       | 1 2 |  2.0
Armour         | 1 |  1.1
Earth Magic    | 3 |  3.0
Dodging        | |  1.7
Stealth        | |  1.7
Spellcasting   | |  2.4
Conjurations   | |  0.5

Action                   || total
-------------------------++-------
Melee: Dagger            ||     9
       Spear             ||    43
 Cast: Sandblast         ||    16
 Stab: Sleeping          ||     3
       Paralysed         ||     4
Armor: Robe              ||     8
Dodge: Dodged            ||    32
